 Dungeon Crawl Stone Soup version 0.27.1-4-g1640c2035a (webtiles) character file.

Game seed: 15902017893812851023

11 horus123 the Skirmisher (level 2, -9/24 HPs)
             Began as a Demonspawn Berserker on Oct 31, 2021.
             Was a Follower of Trog.
             Mangled by a worm (11 damage)
             ... on level 2 of the Dungeon.
             The game lasted 00:00:39 (241 turns).

horus123 the Skirmisher (Demonspawn Berserker)       Turns: 241, Time: 00:00:40

Health: -9/24      AC:  2    Str: 17    XL:     2   Next: 17%
Magic:  2/2        EV: 17    Int:  8    God:    Trog [*.....]
Gold:   42         SH:  0    Dex: 12    Spells: 1/1 levels left

rFire    . . .     SeeInvis .   a - +0 hand axe
rCold    . . .     Faith    .   (no shield)
rNeg     . . .     Spirit   .   b - +0 animal skin
rPois    .         Reflect  .   (no helmet)
rElec    .         Harm     .   (no cloak)
rCorr    .         Rampage  .   (no gloves)
Will     .....                  (no boots)
Stlth    +.........             (no amulet)
HPRegen  0.08/turn              (no ring)
MPRegen  0.08/turn              (no ring)

@: agile
A: powered by pain 1
a: Renounce Religion, Berserk


You were on level 2 of the Dungeon.
You worshipped Trog.
Trog was aware of your devotion.
You visited 1 branch of the dungeon, and saw 2 of its levels.

You collected 42 gold pieces.

Inventory:

Hand Weapons
 a - a +0 hand axe (weapon)
Armour
 b - a +0 animal skin (worn)
Potions
 c - a potion of flight {unknown}


   Skills:
 + Level 3.1 Fighting
 + Level 3.0 Axes
 + Level 2.1 Armour
 + Level 1.8 Dodging


You had one spell level left.
You didn't know any spells.
Your spell library was empty.

Dungeon Overview and Level Annotations

Branches:
Dungeon (1/15)

Altars:


Innate Abilities, Weirdness & Mutations

You sometimes gain a little power by taking damage.


Message History

A goblin comes into view. It is wielding a +0 dagger.
You see here 12 gold pieces.
The goblin shouts!
You see here 12 gold pieces.
You now have 26 gold pieces (gained 12).
The goblin closely misses you.
You closely miss the goblin. The goblin closely misses you.
The goblin barely misses you.
You hit the goblin.
You kill the goblin!
Trog accepts your kill.
Your Axes skill increases to level 3!
A worm comes into view.
You see here a +0 dagger.
You see here 16 gold pieces.
You now have 42 gold pieces (gained 16).
You hit the worm.
The worm is moderately wounded.
The worm bites you.
You hit the worm.
The worm is moderately wounded.
The worm bites you.
You barely miss the worm.
The worm is moderately wounded.
You hit the worm.
The worm is heavily wounded.
The worm bites you!
* * * LOW HITPOINT WARNING * * *
You focus on the pain.
You feel agile all of a sudden.
You barely miss the worm.
The worm is heavily wounded.
You hit the worm but do no damage.
The worm is heavily wounded.
The worm bites you.
* * * LOW HITPOINT WARNING * * *
You hit the worm.
The worm is severely wounded.
The worm bites you!
You die...

..................#
..................#
)................# #
....^............# .#
.................##.#
....................#
..................#
...............)w.#
................@.#
..................#
..................#
..................#
..................#
..................#
.....$.........[.##
..)..............#
.................#


You could see a worm.

Vanquished Creatures
  A dart slug (D:2)
  A bat (D:2)
  An endoplasm (D:1)
  2 goblins (D:2)
  A hobgoblin (D:2)
  A kobold (D:1)
  A rat (D:1)
8 creatures vanquished.

Notes
Turn   | Place    | Note
-------+----------+-------------------------------------------
     0 | D:1      | horus123 the Demonspawn Berserker began the quest for the
                  | Orb.
     0 | D:1      | Reached XP level 1. HP: 18/18 MP: 1/1
    49 | D:1      | You fall into a shaft and drop 1 floor!
    74 | D:2      | Gained mutation: You sometimes gain a little power by
                  | taking damage. [demonic ancestry]
    74 | D:2      | Reached XP level 2. HP: 17/24 MP: 2/2
   241 | D:2      | Mangled by a worm

Illustrated notes

Levels and vault maps discovered:
D:1:      scummos_arrival_checkerplants, layout_basic,
          shapermc_ecumenical_altar_mp_urbaneastern
D:2:      layout_loops_cross, wad_floor_pattern_1, minmay_pentomino_t2,
          uniq_robin

Skill      XL: |  1  2 |
---------------+-------+-----
Armour         | 2 |  2.1
Axes           | 3 |  3.0
Fighting       | |  3.1
Dodging        | |  1.8

Action                   || total
-------------------------++-------
Melee: Hand axe          ||    21
Invok: Berserk           ||     1
 Stab: Sleeping          ||     1
Dodge: Dodged            ||    15
